 Dungeon Crawl Stone Soup version 0.23-a0-402-g64599a1 (webtiles) character file.

51 MisterFreud the Sneak (level 3, -9/15 HPs)
             Began as a Felid Transmuter on Nov 4, 2018.
             Killed from afar by Natasha (11 damage)
             ... with a magic dart
             ... on level 2 of the Dungeon.
             The game lasted 00:04:41 (2383 turns).

MisterFreud the Sneak (Felid Transmuter)            Turns: 2383, Time: 00:04:42

Health: -9/15      AC:  2    Str:  7    XL:     3   Next: 57%
Magic:  4/7        EV: 21    Int: 14    God:
Gold:   48         SH:  0    Dex: 21    Spells: 0/6 levels left
                                        Lives:  0   Deaths: 0

rFire    . . .     SeeInvis +     - Unarmed
rCold    . . .     Gourm    .   (shield unavailable)
rNeg     . . .     Faith    .   (armour unavailable)
rPois    x         Spirit   .   (helmet unavailable)
rElec    .         Reflect  .   (cloak unavailable)
rCorr    .         Harm     .   (gloves unavailable)
MR       .....                  (boots unavailable)
Stlth    +++.......             (no amulet)
HPRegen  0.05/turn              (no ring)
MPRegen  0.10/turn              (no ring)

@: spider-form (expiring)
A: tiny, no armour, no weapons or thrown items, stealth, see invisible,
carnivore, slow metabolism 1
a: End Transformation


You were on level 2 of the Dungeon.
You were completely stuffed.
You were a venomous arachnid creature.
You visited 1 branch of the dungeon, and saw 2 of its levels.

You collected 48 gold pieces.

Inventory:

Missiles
 a - 35 arrows
Wands
 e - a wand of polymorph (9)
Potions
 d - a potion of lignification
 f - a potion of agility {unknown}
Comestibles
 b - 3 chunks of flesh
 c - 5 rations


   Skills:
 - Level 1.0 Fighting
 - Level 2.6 Dodging
 + Level 4.9 Stealth
 - Level 3.0 Unarmed Combat
 - Level 2.0 Spellcasting
 - Level 2.1 Transmutations


You couldn't memorise any spells.
You knew the following spells:

 Your Spells              Type           Power        Failure   Level  Hunger
a - Beastly Appendage     Tmut           #.....       24%         1    ##.....
b - Sticks to Snakes      Tmut           #.......     32%         2    ###....
c - Spider Form           Tmut/Pois      #.........   63%         3    ####...

Your spell library contained the following spells:

 Spells                   Type           Power        Failure   Level  Hunger
 Ice Form                 Ice/Tmut       #.......     94%         4    #####..
 Blade Hands              Tmut           #.........   99%         5    ######.


Dungeon Overview and Level Annotations

Branches:
Dungeon (2/15)

Altars:

Annotations:
D:2 Natasha


Innate Abilities, Weirdness & Mutations

You cannot wear armour.
You are incapable of wielding weapons or throwing items.
Your paws allow you to move quietly. (Stealth)
((You have sharp claws.))
((You have razor-sharp teeth.))
You have supernaturally acute eyesight. (SInv)
You are carnivorous and can eat meat at any time.
((You cover ground quickly.))
((You are covered in fur. (AC +1)))
You have a slow metabolism.
((Your sharp claws are effective at attacking unaware monsters.))


Message History

Natasha mumbles some strange words.
The rat moves out of view.
Natasha casts a spell at you. The magic dart hits you!
Casting: Beastly Appendage (safe; 10% risk of failure)
Confirm with . or Enter, or press ? or * to list all spells.
You turn into a venomous arachnid creature.
Natasha mumbles some strange words.
You hit Natasha.
Natasha is poisoned.
Natasha is lightly wounded.
Natasha claws you!
Ouch! That really hurt!
* * * LOW HITPOINT WARNING * * *
You hit Natasha.
Natasha is moderately wounded.
Your transformation is almost over.
Natasha casts a spell at you. The magic dart hits you!
Ouch! That really hurt!
You die...

#.....#............. #########
#.....#............. ........#
#.....#.....r....... #######.#
#.....#.....5.!.....
...####'####.....#.............
...........#######.............
...........# #.............
...........########5###########
...####.....)...shr5# ####
#############.# #.# #.# #.#
#.#############
####..............
+.................
##################


You could see an iron imp, Natasha, a crimson imp and a rat.

Vanquished Creatures
  An adder (D:2)
  A worm (D:2)
  2 dart slugs (D:1)
  A leopard gecko (D:1)
  2 bats
  A giant cockroach (D:2)
  A goblin (D:2)
  3 hobgoblins
  3 jackals (D:2)
  2 kobolds
  A frilled lizard (D:1)
  4 rats
22 creatures vanquished.

Vanquished Creatures (collateral kills)
  A gnoll (D:2)
  An adder (D:2)
2 creatures vanquished.

Grand Total: 24 creatures vanquished

Notes
Turn   | Place    | Note
-------+----------+-------------------------------------------
     0 | D:1      | MisterFreud the Felid Transmuter began the quest for the
                  | Orb.
     0 | D:1      | Reached XP level 1. HP: 9/9 MP: 4/4
   158 | D:1      | Reached skill level 1 in Stealth
   395 | D:1      | Reached skill level 2 in Stealth
   917 | D:2      | Reached XP level 2. HP: 12/12 MP: 4/6
   921 | D:2      | Learned a level 2 spell: Sticks to Snakes
   961 | D:2      | Reached skill level 3 in Stealth
  1554 | D:1      | Reached skill level 4 in Stealth
  1660 | D:2      | Reached XP level 3. HP: 10/15 MP: 5/7
  1958 | D:2      | Learned a level 3 spell: Spider Form
  2367 | D:2      | Noticed Natasha
  2383 | D:2      | Killed from afar by Natasha

Vault maps used:
D:1:      dpeg_arrival_pits
D:2:      chequers_temple_overflow_statue_of_worship, first_ration,
          minivault_25, uniq_natasha

Skill      XL: |  1  2 |
---------------+-------+-----
Stealth        | 2 4 |  4.9
Fighting       | |  1.0
Dodging        | |  2.6
Unarmed Combat | |  3.0
Spellcasting   | |  2.0
Transmutations | |  2.1

Action                   || total
-------------------------++-------
Melee: Unarmed           ||    69
       Bite              ||     7
       Headbutt          ||     7
       Punch             ||     1
 Cast: Beastly Appendage ||    14
       Sticks to Snakes  ||     8
       Spider Form       ||     1
  Use: Scroll            ||     5
 Stab: Sleeping          ||     5
  Eat: Chunk             ||    11
Armor: Skin              ||     2
Dodge: Dodged            ||    52

Table legend:
 A = Non-vault XP
 B = Vault XP
 C = Vault XP percentage of total XP
 D = Non-vault monster count
 E = Vault monster count
 F = Vault count percentage of total count
                 A         B        C        D         E       F
            +---------+---------+-------+---------+---------+-------
      Total |      73 |       0 |   0.0 |      24 |       0 |   0.0
            +---------+---------+-------+---------+---------+-------
        D:1 |      19 |       0 |   0.0 |       8 |       0 |   0.0
        D:2 |      54 |       0 |   0.0 |      16 |       0 |   0.0
            +---------+---------+-------+---------+---------+-------
